Map: Prion Terraces

Players

MorN

  • Race: Zerg Zerg
  • League: Master

Mariuslol - Winner!

  • Race: Protoss Protoss
  • League: Master

VOD

Have the link to the VOD?

Description

Time

  • Played on: Nov. 24, 2015, 1:22 a.m.
  • Length: 4:30
Show
View Real Time Build Order
Export as new Build Order

MorN Zerg 

Build Orders: 3 Hatch before Pool 

Get SALT Encoding   

  12  0:00  Drone  
  13  0:11  Drone  
  14  0:17  Overlord  
  14  0:24  Drone, Extractor  
  15  0:35  Drone x2  
  17  0:53  Hatchery  
  16  0:57  Drone  
  16  1:02  Drone  
  18  1:21  Hatchery  
  17  1:34  Spawning Pool  
  17  1:37  Drone  
  17  1:41  Drone  
  18  1:48  Drone x2  
  20  2:00  Drone  
  21  2:05  Drone  
  22  2:21  Queen x2  
  26  2:27  Drone x2  
  28  2:32  Overlord  
  28  2:37  Zergling x6  
  33  2:56  Extractor  
  32  2:59  Roach Warren  
  32  3:01  Zergling x2  
  32  3:02  Zergling x8  
  32  3:10  Zergling x2  
  31  3:14  Drone x3  
  31  3:15  Drone x2  
  36  3:39  Overlord  
  36  3:47  Queen  
  35  3:53  Roach  
  36  4:00  Roach x2  
  36  4:01  Roach  
  36  4:09  Roach  
Show
View Real Time Build Order
Export as new Build Order

Mariuslol Protoss - Winner!

Build Orders:  

Get SALT Encoding   

  12  0:02  Probe (Chrono Boost)  
  13  0:13  Probe (Chrono Boost)  
  14  0:20  Pylon  
  14  0:24  Probe (Chrono Boost)  
  15  0:38  Probe (Chrono Boost)  
  16  0:49  Probe (Chrono Boost)  
  17  1:00  Probe (Chrono Boost)  
  18  1:07  Pylon  
  18  1:25  Gateway  
  18  1:27  Gateway  
  18  1:30  Gateway  
  18  1:33  Gateway  
  18  1:39  Probe (Chrono Boost)  
  19  1:40  Pylon  
  19  1:50  Pylon  
  19  2:20  Zealot (Chrono Boost)  
  27  2:23  Zealot x2 (Chrono Boost)  
  27  2:25  Zealot (Chrono Boost)  
  29  2:44  Zealot (Chrono Boost)  
  29  2:45  Forge  
  29  2:50  Zealot (Chrono Boost)  
  29  2:51  Zealot (Chrono Boost)  
  35  2:52  Zealot (Chrono Boost)  
  35  3:08  Zealot (Chrono Boost)  
  37  3:17  Probe  
  37  3:18  Zealot x2 (Chrono Boost)  
  37  3:19  Zealot (Chrono Boost), Pylon  
  44  3:31  Zealot (Chrono Boost)  
  50  3:45  Zealot x2 (Chrono Boost)  
  50  3:46  Zealot (Chrono Boost)  
  52  3:55  Zealot (Chrono Boost)  
  54  4:11  Photon Cannon  
Tags
 
Add a new tag
Caveats
  • Supply blocks, unpowered buildings, or Contaminate may cause inaccurate times.
  • Supply counts are checked every 10 seconds.